 Dungeon Crawl Stone Soup version 0.30-a0-1157-g2cc9ac7196 (webtiles) character file.

Game seed: 15858909400066883466

37 ryw the Trooper (level 3, 0/29 HPs)
             Began as a Mummy Fighter on Apr 25, 2023.
             Hit by a stone thrown by a gnoll (5 damage)
             ... on level 2 of the Dungeon.
             The game lasted 00:01:58 (721 turns).

ryw the Trooper (Mummy Fighter)                      Turns: 721, Time: 00:01:59

Health: 0/29       AC:  6    Str: 21    XL:     3   Next: 23%
Magic:  3/3        EV:  9    Int:  7    God:
Gold:   72         SH:  4    Dex: 11    Spells: 2/2 levels left

rFire   . . .        a - +0 flail
rCold   + . .        c - +0 buckler
rNeg    + + +        b - +0 scale mail
rPois   ∞            (no helmet)
rElec   .            (no cloak)
rCorr   .            (no gloves)
SInv    .            (no boots)
Will    .....        (no amulet) Stlth
                     f - ring of protection from fire
HPRegen 0.24/turn    (no ring)
MPRegen 0.08/turn

%: faith
@: no status effects
A: cold resistance 1, negative energy resistance 3, torment resistance 2, heat
vulnerability 1, in touch with death 1, no potions, faith
a: no special abilities


You were on level 2 of the Dungeon.
You visited 1 branch of the dungeon, and saw 2 of its levels.

You collected 72 gold pieces.

Inventory:

Hand Weapons
 a - a +0 flail (weapon)
Armour
 b - a +0 scale mail (worn)
 c - a +0 buckler (worn)
Jewellery
 f - a ring of protection from fire (left hand)
Scrolls
 d - a scroll of fog
 e - a scroll of teleportation


   Skills:
 - Level 3.0 Fighting
 + Level 3.0 Maces & Flails
 - Level 2.4 Armour
 - Level 2.4 Shields


You had 2 spell levels left.
You didn't know any spells.
Your spell library was empty.

Dungeon Overview and Level Annotations

Branches:
Dungeon (2/15)

Altars:


Innate Abilities, Weirdness & Mutations

You are immune to poison.
Your flesh is cold resistant. (rC+)
You are immune to negative energy. (rN+++)
You are immune to unholy pain and torment.
You are vulnerable to heat. (rF-)
You are in touch with the powers of death.
You do not drink.
You have a special connection with the divine. (Faith)


Message History

The adder is moderately wounded.
The adder bites you but does no damage. The adder closely misses you.
You thump the adder!
You kill the adder!
Your Maces & Flails skill increases to level 3!
No target in view!
No target in view!
There is a faded altar of an unknown god here.
This altar belongs to (a) Makhleb, (b) Fedhas or (c) Gozag, but you can't tell which.
Press the corresponding letter to learn more about a god, or press enter to convert or escape to cancel.
Okay, then.
Found a stone staircase leading up.
There is a stone staircase leading up here.
You open the door.
There is an open door here.
You open the door.
There is an open door here.
You open the door.
There is an open door here.
A gnoll comes into view. It is wielding a +0 spear.
The gnoll shouts!
You hear a shout!
The gnoll drinks a potion.
The gnoll seems to speed up.
The gnoll throws a stone.
The stone hits you.
The gnoll hits you from afar with a +0 spear.
A gnoll comes into view. It is wielding a +0 spear.
The gnoll throws a stone.
The stone hits you.
A gnoll comes into view. It is wielding a +0 flail.
The gnoll shouts! x2
The gnoll hits you with a +0 spear. The gnoll attacks as you move away!
The gnoll hits you with a +0 spear.
The gnoll throws a stone.
The stone hits you.
* * * LOW HITPOINT WARNING * * *
The gnoll barely misses you.
The gnoll throws a stone.
The stone hits you.
* * * LOW HITPOINT WARNING * * *
The gnoll throws a stone.
The stone hits you but does no damage.
The gnoll throws a stone.
You block the stone.
There is an open door here.
The gnoll throws a stone.
The stone barely misses you.
The gnoll throws a stone.
The stone hits you.
You die...

#g# #.### #g#.##
#.#..## # #.g...##
+. ##.#....## #..
#..#.....## ..
#..##.....##
#..###.@...# ..
#..#####'#######
#...
#...............
...#
#...........###.
...# #####'#######
#... #.# ##.# #.#
##########!# #.#
#....<......
#.#######.###.##....


You could see 2 gnolls.

Vanquished Creatures
  An adder (D:2)
  2 bats (D:1)
  3 endoplasms
  3 giant cockroaches (D:1)
  6 goblins (D:1)
  2 hobgoblins (D:1)
  2 jackals (D:1)
  4 ball pythons (D:1)
  A kobold (D:1)
  A rat (D:1)
25 creatures vanquished.

Notes
Turn   | Place    | Note
-------+----------+-------------------------------------------
     0 | D:1      | ryw the Mummy Fighter began the quest for the Orb.
     0 | D:1      | Reached XP level 1. HP: 18/18 MP: 1/1
   104 | D:1      | Reached XP level 2. HP: 24/24 MP: 2/2
   633 | D:2      | Gained mutation: You are in touch with the powers of death.
                  | [Mummy growth]
   633 | D:2      | Reached XP level 3. HP: 29/29 MP: 3/3
   635 | D:2      | Found a faded altar of an unknown god.
   721 | D:2      | Hit by a stone thrown by a gnoll

Illustrated notes

Levels and vault maps discovered:
D:1:      lightli_arrival_boilingwater, layout_rooms
D:2:      layout_basic, dreamdust_ecumenical_altar_statues,
          minmay_quadrilaterals

Skill      XL: |  1  2  3 |
---------------+----------+-----
Maces & Flails | 2 3 |  3.0
Fighting       | |  3.0
Armour         | |  2.4
Shields        | |  2.4

Action                     || total
---------------------------++-------
  Melee: Flail             ||    89
    Use: Scroll            ||     2
 Armour: Scale mail        ||    78
  Dodge: Dodged            ||    61
  Block: Buckler           ||    18

Table legend: (Time is in decaauts)
 A = Elapsed time spent in this place.
 B = Non-inter-level travel time spent in this place.
 C = Inter-level travel time spent in this place.
 D = Time resting spent in this place.
 E = Time spent auto-exploring this place.
 F = Levels seen in this place.
 G = Mean time per level.
                   A        B        C        D        E       F      G
               +--------+--------+--------+--------+--------+-----+--------+
         Total |    756 |    712 |     44 |      0 |    475 |   2 |  378.0 |
       Dungeon |    756 |    712 |     44 |      0 |    475 |   2 |  378.0 |
               +--------+--------+--------+--------+--------+-----+--------+

Top non-repeatable levels by time:
     D:1: 614 daAuts
     D:2: 141 daAuts
